 Dungeon Crawl Stone Soup version 0.13.0-25-g43d4df3 (webtiles) character file.

57974 M4edhros the Covert (level 14, -5/86 HPs)
             Began as an Octopode Artificer on Oct 28, 2013.
             Was a High Priest of Fedhas.
             Slain by a ten-headed hydra (14 damage)
             ... on Level 1 of the Swamp.
             The game lasted 02:45:02 (35700 turns).

M4edhros the Covert (Octopode Artificer)           Turns: 35700, Time: 02:45:02

HP  -5/86        AC  3     Str 10      XL: 14   Next: 84%
MP   0/39        EV 11     Int 21      God: Fedhas [*****.]
Gold 922         SH 22     Dex 14      Spells:  4 memorised,  9 levels left

Res.Fire  : + . .   See Invis. : +   h - +5 demon blade (drain)
Res.Cold  : . . .   Warding    : .   o - +0 shield {reflect}
Life Prot.: + . .   Conserve   : .   (helmet restricted)
Res.Poison: .       Res.Corr.  : .   A - cursed amulet of guardian spirit
Res.Elec. : .       Clarity    : .   i - ring of fire
Sust.Abil.: . .     Spirit.Shd : +   j - ring of positive energy
Res.Mut.  : .       Stasis     : .   n - ring of protection from cold
Res.Rott. : .       Flight     : .   w - ring of the Mage {Wiz MR+ Int+3}
Saprovore : . . .                    m - ring of magical power
                                     (no ring)
                                     a - ring of protection from magic
                                     q - ring of flight

@: extremely resistant to hostile enchantments, extraordinarily stealthy
A: almost no armour, amphibious, 8 rings, constrict 8, antennae 1, spike 1,
camouflage 1, see invisible, breathe flames 1, carnivore 1, regeneration 1, AC
+3, SH +2
a: Evolution, Sunlight, Growth, Reproduction, Rain, Renounce Religion, Breathe
Fire, Evoke Flight


You were on level 1 of the Swamp.
You worshipped Fedhas.
Fedhas was extremely pleased with you.
You were not hungry.

You visited 5 branches of the dungeon, and saw 28 of its levels.
You also visited: Labyrinth and Ossuary.

You collected 2511 gold pieces.
You spent 1609 gold pieces at shops.

Inventory:

Hand weapons
 h - a +5,+5 demon blade of draining (weapon)
 x - the +9,+8 sling of Moygek {velocity, MR++}
   (You found it on level 4 of the Dungeon)

   Any stone fired from it inflicts extra damage.
   It affects your resistance to hostile enchantments.
 X - a +0 blowgun of evasion
Missiles
 c - 23 silver sling bullets
 k - 50 sling bullets
 C - 9 curare-tipped needles
 D - 50 stones (quivered)
Armour
 o - a +0 shield of reflection (worn)
Magical devices
 f - a wand of disintegration (9)
 g - a wand of cold (3)
 p - a wand of polymorph (8)
 r - a wand of heal wounds (5)
 t - a wand of paralysis (15)
 v - a wand of digging (13) {unknown}
 B - a wand of teleportation (2)
 F - a wand of lightning (0)
 H - a wand of enslavement (15)
Comestibles
 l - 4 bread rations
 L - 8 strawberries
Scrolls
 I - 2 scrolls of teleportation
 S - a scroll of fog
 U - 2 scrolls of blinking
Jewellery
 a - a ring of protection from magic (on tentacle)
 d - an uncursed ring of regeneration
 i - a ring of fire (left tentacle)
 j - a ring of positive energy (right tentacle)
 m - a ring of magical power (on tentacle)
 n - a ring of protection from cold (on tentacle)
 q - a ring of flight (on tentacle)
 w - the ring of the Mage (on tentacle) {Wiz MR+ Int+3}
   (You found it in a labyrinth)

   [ring of wizardry]

   It affects your intelligence (+3).
   It affects your resistance to hostile enchantments.
 A - a cursed amulet of guardian spirit (around mantle)
Potions
 b - 2 potions of heal wounds
 u - a potion of invisibility
 z - a potion of speed
 N - 3 potions of curing
 R - a potion of magic
Miscellaneous
 J - a lamp of fire
 M - a lantern of shadows
Rods
 e - a +4 rod of fiery destruction (11/11)
   (You acquired it on level 8 of the Dungeon)
 Y - a +6 lightning rod (12/12)
   (You found it in a labyrinth)
 Z - a +6 rod of destruction (14/14)
   (You found it in a labyrinth)


   Skills:
 - Level 5.1 Fighting
   Level 1.0 Short Blades
 + Level 9.3 Slings
 - Level 2.0 Dodging
 + Level 14.7 Stealth
 * Level 7.4 Shields
 + Level 2.5 Spellcasting
 - Level 5.0 Conjurations
 - Level 2.3 Translocations
 - Level 5.5 Air Magic
 - Level 5.1 Poison Magic
 + Level 12.8 Invocations
 + Level 14.4 Evocations


You had 9 spell levels left.
You knew the following spells:

 Your Spells              Type           Power        Failure   Level  Hunger
a - Mephitic Cloud        Conj/Pois/Air  ###.....     4%          3    ###....
b - Swiftness             Chrm/Air       ##........   5%          2    ##.....
c - Repel Missiles        Chrm/Air       ##........   5%          2    ##.....
d - Portal Projectile     Tloc           ##....       7%          2    ##.....


Dungeon Overview and Level Annotations

Branches:
Dungeon (14/27)            Temple (1/1) D:4             Orc (4/4) D:10
    Elf (0/3) Orc:3          Lair (8/8) D:10          Swamp (1/5) Lair:4
 Spider (0/5) Lair:5        Slime (0/6) Lair:8

Altars:
Ashenzari
Cheibriados
Elyvilon
Fedhas
Kikubaaqudgha
Makhleb
Nemelex Xobeh
Okawaru
Sif Muna
Trog
Vehumet
Xom
Yredelemnul
Zin
the Shining One
Beogh
Jiyva

Shops:
D:8 ?   Orc:4 *[%(=

Portals:
Ziggurat: D:9 (3550 gp)


Innate Abilities, Weirdness & Mutations

You cannot wear most types of armour.
You are amphibious.
You can wear up to eight rings at the same time.
You can use your tentacles to constrict many enemies at once.
Your skin changes colour to match your surroundings (Stlth).
Your rubbery body absorbs attacks (AC +1).
You have a pair of small antennae on your head.
One of your tentacles bears a spike.
You are partially covered in large bone plates (AC +2, SH +2).
You have supernaturally acute eyesight.
You can breathe flames.
Your digestive system is specialised to digest meat.
Your natural rate of healing is unusually fast.


Message History

You chop one of the nine-headed hydra's heads off!
The eight-headed hydra grows two more!
You slash the ten-headed hydra!
The ten-headed hydra is almost dead.
The ten-headed hydra is no longer paralysed.
The ten-headed hydra bites you!
You block the ten-headed hydra's attack.
The ten-headed hydra bites you. The ten-headed hydra barely misses you.
The ten-headed hydra bites you. The ten-headed hydra bites you!
The ten-headed hydra barely misses you. You block the big fish's attack.
The ten-headed hydra bites you! The ten-headed hydra bites you!
The ten-headed hydra barely misses you. The ten-headed hydra bites you!
* * * LOW HITPOINT WARNING * * *
The ten-headed hydra bites you!
* * * LOW HITPOINT WARNING * * *
The ten-headed hydra bites you!
* * * LOW HITPOINT WARNING * * *
The ten-headed hydra barely misses you. The ten-headed hydra bites you!
You die...
Fedhas appreciates your contribution to the ecosystem.

≈≈♣ ≈≈.≈ ≈≈≈.≈♣
≈≈≈≈≈.≈ ≈≈≈≈≈≈≈
≈≈≈≈≈≈≈♣♣
......≈≈≈♣♣
♣..≈;@≈♣
♣.....≈D≈...≈≈..♣
≈≈♣..≈≈≈≈..≈≈≈$
♣...≈≈≈...≈.≈
..{♣.≈≈≈..≈...
≈.≈..≈≈≈..≈..
≈♣≈♣♣♣♣♣... ♣♣ ≈.


You could see a ten-headed hydra and a big fish.

Vanquished Creatures
  Donald (Orc:3)
  A minotaur (Lab)
  A hydra (D:12)
  Erica (Lair:3)
  3 orc high priests
  An unseen horror (D:9)
  A hill giant (D:10)
  2 orc knights (Orc:4)
  Pikel (D:8)
  A griffon (Lair:7)
  A cyclops (D:13)
  A lindwurm (D:13)
  3 orc sorcerers
  2 black mambas
  12 elephants
  Maurice (D:13)
  7 spiny frogs
  2 fire drakes
  A red devil (Orc:4)
  4 komodo dragons
  A polar bear (Lair:7)
  4 trolls
  Sonja (D:12)
  Nergalle (D:13)
  Prince Ribbit (D:9)
  2 trapdoor spiders (Lair:5)
  8 blink frogs
  10 ugly things
  A shadow (D:12)
  A basilisk (Lair:2)
  A vampire (D:13)
  2 wyverns (D:12)
  12 yaks
  A neqoxec (D:11)
  A hungry ghost (D:11)
  2 elephant slugs (Lair:8)
  Grum (Orc:2)
  21 orc warriors
  A steam dragon (Lair:6)
  4 hippogriffs
  Menkaure (Ossuary)
  5 porcupines
  20 wolves
  A manticore (D:11)
  2 hell hounds (Lair:8)
  A yellow wasp (D:11)
  A black bear (D:9)
  2 giant goldfish (Lair:3)
  A swamp drake (D:11)
  3 sky beasts (D:13)
  A two-headed ogre (D:14)
  A phantom (D:12)
  3 centaurs
  4 ogres
  6 wargs
  13 crocodiles
  4 giant slugs
  6 water moccasins
  Blork the orc (D:8)
  2 brain worms (D:11)
  14 giant frogs
  4 agate snails
  An ice beast (D:13)
  A cyclops skeleton (D:10)
  11 killer bees
  A jelly (D:9)
  4 jellyfish (Lair:8)
  8 wights
  An electric eel (Lair:3)
  8 crimson imps
  2 giant frog skeletons
  25 orc priests
  3 scorpions
  4 big fish
  16 hounds
  6 iguanas
  4 sheep (Lair:5)
  A spectral orc (D:13)
  4 worker ants
  26 orc wizards
  A goliath beetle (D:12)
  An ogre skeleton (D:7)
  A basilisk simulacrum (D:13)
  A hound skeleton (Orc:1)
  3 mummies (Ossuary)
  7 gnolls
  33 green rats
  3 giant centipedes
  22 adders
  6 giant mites
  An inept feature mimic (D:7)
  4 worms
  A giant eyeball (D:12)
  5 giant geckos
  115 orcs
  22 bats
  4 giant cockroaches (D:1)
  A gnoll zombie (Ossuary)
  20 goblins
  9 hobgoblins
  31 jackals
  8 quokkas
  A ball python (D:1)
  11 giant newts
  4 giant spores
  7 gnoll skeletons (Ossuary)
  7 goblin skeletons
  A goblin zombie (Ossuary)
  7 hobgoblin skeletons
  A hobgoblin zombie (D:4)
  22 kobolds
  2 kobold skeletons (Ossuary)
  2 kobold zombies (Ossuary)
  4 orc skeletons (Ossuary)
  2 orc zombies
  20 rats
  9 rat skeletons
  A rat zombie (Ossuary)
  A ballistomycete (Lair:8)
746 creatures vanquished.

Vanquished Creatures (collateral kills)
  An orc warlord (Orc:4)
  2 hydras
  The ghost of Apsalar the Thaumaturge, a powerful HECj of Sif Muna (Lair:5)
  3 death yaks (Lair:5)
  An unseen horror (D:10)
  Joseph (D:10)
  2 hill giants
  2 orc sorcerers (Orc:4)
  A cyclops (D:12)
  10 elephants
  3 spiny frogs
  2 black mambas
  A feature mimic (D:11)
  An eye of devastation (D:11)
  Grinder (D:4)
  A komodo dragon (Lair:7)
  9 blink frogs
  A queen bee (Lair:5)
  A centaur (D:8)
  2 basilisks
  6 wandering mushrooms
  2 hungry ghosts
  2 trapdoor spiders (Lair:5)
  21 yaks
  5 hippogriffs
  A wyvern (D:10)
  A hill giant skeleton (D:12)
  17 wolves
  A wraith (D:11)
  A mottled dragon (D:12)
  2 manticores
  2 porcupines
  An ice beast (D:5)
  2 slaves (D:8)
  3 sky beasts
  A yellow wasp (D:11)
  9 orc warriors
  2 black bears
  2 giant goldfish (Lair:3)
  3 ogres
  A rotting devil (Orc:4)
  4 crocodiles
  A big kobold (D:9)
  2 wargs
  2 water moccasins
  2 agate snails
  2 brain worms (D:11)
  A wyvern skeleton (D:12)
  3 giant frogs
  19 killer bees
  A hippogriff skeleton (D:5)
  3 wights
  A goliath beetle (D:12)
  3 crimson imps
  3 jellies
  3 hounds
  7 orc wizards
  6 orc priests
  3 scorpions
  2 iguanas
  3 worker ants
  3 sheep (Lair:5)
  2 gnolls (D:9)
  4 green rats (Lair:5)
  A giant eyeball (D:5)
  36 orcs
  A bat (Lair:5)
  2 goblins
  A hobgoblin (Orc:3)
  A quokka (Lair:5)
  A giant newt (D:5)
  26 giant spores
  A jackal (Lair:5)
  A rat (D:8)
  2 fungi (Orc:4)
284 creatures vanquished.

Vanquished Creatures (others)
  2 oklob plants
  A hyperactive ballistomycete (Orc:4)
  3 necrophages
  A wight (D:13)
  38 wandering mushrooms
  A gnoll (D:7)
  2 green rats (Lair:5)
  A goliath beetle zombie (D:6)
  A giant centipede zombie (D:12)
  13 giant spores
  A gnoll zombie (Ossuary)
  2 goblin skeletons (Ossuary)
  2 hobgoblin skeletons (Ossuary)
  2 kobold skeletons (Ossuary)
  An orc zombie (Ossuary)
  3 rat skeletons (Ossuary)
  A rat zombie (Ossuary)
  7 ballistomycetes
  7 fungi
  6 plants
  463 toadstools
558 creatures vanquished.

Grand Total: 1588 creatures vanquished

Notes
Turn   | Place    | Note
--------------------------------------------------------------
     0 | D:1      | M4edhros, the Octopode Artificer, began the quest for the Orb.
     0 | D:1      | Reached XP level 1. HP: 14/14 MP: 1/1
   244 | D:1      | Reached XP level 2. HP: 17/19 MP: 3/3
   797 | D:3      | Reached skill level 4 in Stealth
   810 | D:3      | Reached XP level 3. HP: 21/24 MP: 4/4
  1066 | D:3      | Reached skill level 5 in Stealth
  1070 | D:3      | Reached XP level 4. HP: 18/29 MP: 6/6
  1227 | D:4      | Reached skill level 6 in Stealth
  1723 | D:4      | Found a staircase to the Ecumenical Temple.
  1792 | Temple   | Entered the Ecumenical Temple
  1906 | Temple   | Became a worshipper of Fedhas Madash
  2046 | D:3      | Reached skill level 7 in Stealth
  2046 | D:3      | Reached XP level 5. HP: 16/34 MP: 7/7
  2329 | D:3      | Noticed an iron devil
  2330 | D:3      | Found a burning altar of Makhleb.
  2817 | D:2      | Reached skill level 8 in Stealth
  2869 | D:2      | Acquired Fedhas' first power
  3168 | D:4      | Reached XP level 6. HP: 24/39 MP: 9/9
  3537 | D:4      | Got a brightly glowing sling
  3543 | D:4      | Noticed Grinder
  3567 | D:4      | Killed Grinder
  3652 | D:5      | Entered Level 5 of the Dungeon
  3678 | D:5      | Found a sand-covered staircase.
  3693 | D:5      | Reached XP level 7. HP: 40/44 MP: 12/12
  3724 | D:5      | Identified the +9,+8 sling of Moygek {velocity, MR++} (You found it on level 4 of the Dungeon)
  3756 | Ossuary  | Entered an ossuary
  3922 | Ossuary  | Acquired Fedhas' second power
  4123 | Ossuary  | Noticed Menkaure
  4129 | Ossuary  | Killed Menkaure
  4275 | D:5      | Reached skill level 5 in Evocations
  4314 | D:5      | Paralysed by a giant eyeball for 3 turns
  4325 | D:5      | Paralysed by a giant eyeball for 4 turns
  5058 | D:5      | Reached skill level 9 in Stealth
  5710 | D:6      | Acquired Fedhas' third power
  5711 | D:6      | Reached XP level 8. HP: 50/50 MP: 16/16
  5868 | D:6      | Found a deep blue altar of Sif Muna.
  6280 | D:6      | Reached skill level 1 in Slings
  6280 | D:6      | Reached skill level 5 in Invocations
  6632 | D:7      | Acquired Fedhas' fourth power
  7010 | D:7      | Found a glowing golden altar of the Shining One.
  7074 | D:8      | Found Phiubal's Magic Scroll Shop.
  7487 | D:8      | Reached XP level 9. HP: 55/55 MP: 17/19
  7596 | D:8      | Reached skill level 10 in Stealth
  7632 | D:8      | Noticed Blork the orc
  7644 | D:8      | Noticed Pikel
  7644 | D:8      | Killed Blork the orc
  7654 | D:8      | Killed Pikel
  8040 | D:9      | Noticed an unseen horror
  8041 | D:9      | Killed an unseen horror
  8072 | D:9      | Found a gateway to a ziggurat.
  8286 | D:9      | Reached XP level 10. HP: 61/63 MP: 20/22
  8906 | D:9      | Noticed Prince Ribbit
  8923 | D:9      | Killed Prince Ribbit
  8923 | D:9      | Reached skill level 11 in Stealth
  9196 | D:10     | Entered Level 10 of the Dungeon
  9213 | D:10     | Noticed Joseph
  9449 | D:10     | Found a staircase to the Lair.
  9501 | D:10     | Killed Joseph
  9501 | D:10     | Reached skill level 10 in Evocations
  9661 | D:10     | Noticed a hill giant
  9673 | D:10     | Killed a hill giant
  9674 | D:10     | Noticed an unseen horror
  9685 | D:10     | Killed an unseen horror
  9759 | D:10     | Noticed a hill giant
  9770 | D:10     | Killed a hill giant
  9770 | D:10     | Reached skill level 5 in Fighting
 10062 | D:10     | Found a staircase to the Orcish Mines.
 10781 | D:11     | Noticed an eye of devastation
 10972 | D:11     | Reached skill level 5 in Slings
 10972 | D:11     | Reached XP level 11. HP: 55/70 MP: 21/24
 11126 | D:11     | Found a staircase to the Orcish Mines.
 11147 | D:11     | Found a roughly hewn altar of Beogh.
 11149 | D:11     | the staircase to the Orcish Mines was a mimic.
 11289 | D:11     | Noticed a hill giant
 11296 | D:11     | Killed a hill giant
 12169 | D:11     | Killed an eye of devastation
 12715 | D:12     | Reached skill level 10 in Invocations
 12719 | D:12     | Reached skill level 12 in Stealth
 13319 | D:12     | Noticed Sonja
 13324 | D:12     | Killed Sonja
 13488 | D:12     | Noticed a four-headed hydra
 13504 | D:12     | Killed a four-headed hydra
 13979 | Lair:1   | Entered Level 1 of the Lair of Beasts
 15241 | Lair:1   | Reached XP level 12. HP: 70/75 MP: 27/27
 16385 | Lair:2   | Reached skill level 13 in Stealth
 18085 | Lair:3   | Learned a level 3 spell: Mephitic Cloud
 18474 | Lair:3   | Noticed Erica
 18513 | Lair:3   | Killed Erica
 19020 | Lair:3   | Noticed a seven-headed hydra
 19033 | Lair:3   | Killed a seven-headed hydra
 19033 | Lair:3   | Reached skill level 1 in Shields
 19033 | Lair:3   | Reached skill level 1 in Air Magic
 19033 | Lair:3   | Reached skill level 1 in Poison Magic
 19232 | Lair:3   | Gained mutation: Your body is misshapen. [potion of mutation]
 19232 | Lair:3   | Gained mutation: One of your tentacles bears a spike. [potion of mutation]
 19232 | Lair:3   | Gained mutation: You are agile. (Dex +2) [potion of mutation]
 19604 | Lair:4   | Reached skill level 1 in Conjurations
 19624 | Lair:4   | Found a staircase to the Swamp.
 19777 | Lair:4   | Reached XP level 13. HP: 45/81 MP: 29/29
 19930 | Lair:4   | Learned a level 2 spell: Swiftness
 19933 | Lair:4   | Learned a level 2 spell: Repel Missiles
 20353 | Lair:5   | Gained mutation: You have supernaturally acute eyesight. [potion of mutation]
 20353 | Lair:5   | Lost mutation: Your body is misshapen. [potion of mutation]
 20353 | Lair:5   | Gained mutation: You can breathe flames. [potion of mutation]
 20440 | Lair:5   | Found a hole to the Spider Nest.
 20602 | Lair:5   | Noticed Apsalar's ghost (powerful HECj)
 21266 | Lair:5   | Reached skill level 14 in Evocations
 23166 | Lair:5   | Killed Apsalar's ghost
 23230 | Lair:6   | Acquired Fedhas' fifth power
 24242 | Lair:6   | Got a crude battleaxe
 24243 | Lair:6   | Identified the +10,+3 battleaxe "Dybbuceh" {chop, Dex-4} (You found it on level 6 of the Lair of Beasts)
 25460 | Lair:7   | Reached skill level 5 in Shields
 26513 | Lair:8   | Entered Level 8 of the Lair of Beasts
 26513 | Lair:8   | Found a burning altar of Makhleb.
 26698 | Lair:8   | Reached XP level 14. HP: 72/86 MP: 30/30
 27160 | Lair:8   | Reached skill level 5 in Poison Magic
 27811 | Lair:8   | Found a staircase to the Slime Pits.
 27811 | Lair:8   | Found a viscous altar of Jiyva.
 27820 | Lair:8   | Found a glowing silver altar of Zin.
 28092 | Lair:8   | Reached skill level 5 in Conjurations
 28338 | D:10     | Learned a level 2 spell: Portal Projectile
 28390 | Orc:1    | Entered Level 1 of the Orcish Mines
 29307 | Orc:2    | Noticed Grum
 29434 | Orc:2    | Reached skill level 1 in Spellcasting
 29440 | Orc:2    | Killed Grum
 29861 | Orc:1    | Found a burning altar of Makhleb.
 29981 | Orc:3    | Found a staircase to the Elven Halls.
 30152 | Orc:4    | Entered Level 4 of the Orcish Mines
 30165 | Orc:4    | Found Kenlihud's General Store.
 30669 | Orc:3    | Noticed Donald
 30852 | Orc:3    | Killed Donald
 31280 | Orc:4    | Found Isan's Antique Weapon Shop.
 31289 | Orc:4    | Noticed an orc warlord
 31296 | Orc:4    | Reached skill level 1 in Translocations
 31296 | Orc:4    | Reached skill level 5 in Air Magic
 31308 | Orc:4    | Killed an orc warlord
 31641 | Orc:4    | Found a roughly hewn altar of Beogh.
 31749 | Orc:4    | Found Husu's Antique Armour Shop.
 31911 | Orc:4    | Bought 19 stones for 24 gold pieces
 31911 | Orc:4    | Bought a lemon for 15 gold pieces
 31915 | Orc:4    | Found Gueqabido's Food Boutique.
 32024 | Orc:4    | Found Psacsugh's Jewellery Shop.
 32064 | Orc:4    | Bought an uncursed ring of regeneration for 360 gold pieces
 32123 | Orc:4    | Bought a choko for 5 gold pieces
 32123 | Orc:4    | Bought a lychee for 5 gold pieces
 32123 | Orc:4    | Bought 8 strawberries for 10 gold pieces
 32123 | Orc:4    | Bought a banana for 15 gold pieces
 32284 | Orc:4    | Bought a smoking morningstar for 279 gold pieces
 32285 | Orc:4    | Bought a glowing blowgun for 77 gold pieces
 32345 | Orc:4    | Bought 14 stones for 18 gold pieces
 32345 | Orc:4    | Bought 22 stones for 28 gold pieces
 32558 | D:8      | Bought a scroll of acquirement for 676 gold pieces
 32558 | D:8      | Bought a scroll of identify for 26 gold pieces
 32561 | D:8      | Identified a +2 rod of fiery destruction (9/9) (You acquired it on level 8 of the Dungeon)
 32564 | D:8      | Bought a scroll of recharging for 71 gold pieces
 32736 | D:12     | Paralysed by a giant eyeball for 2 turns
 32767 | D:12     | Noticed a seven-headed hydra
 32777 | D:12     | Killed a seven-headed hydra
 32827 | D:12     | Gained mutation: Your natural rate of healing is unusually fast. [mutagenic meat]
 32828 | D:12     | Gained mutation: You are partially covered in large bone plates (AC +2, SH +2). [mutagenic meat]
 32829 | D:12     | Gained mutation: You have a pair of small antennae on your head. [mutagenic meat]
 33181 | D:13     | Noticed Urug
 33182 | D:13     | Noticed Urug
 33182 | D:13     | Urug changed into Urug the lindwurm
 33205 | D:13     | Killed Urug the lindwurm
 33230 | D:13     | Identified the +10,+8 morningstar "Trog's Anger" {crush, rElec} (You bought it in a shop on level 4 of the Orcish Mines)
 33486 | D:13     | Noticed Nergalle
 33503 | D:13     | Killed Nergalle
 33856 | D:13     | Found a burning altar of Makhleb.
 33891 | D:13     | Noticed Maurice
 33896 | D:13     | Killed Maurice
 34106 | D:13     | Lost mutation: You are agile. (Dex +2) [mutagenic meat]
 34107 | D:13     | Gained mutation: Your digestive system is specialised to digest meat. [mutagenic meat]
 34561 | D:14     | Entered Level 14 of the Dungeon
 34561 | D:14     | Found a labyrinth entrance.
 34597 | Lab      | Entered a labyrinth
 34907 | Lab      | M4edhros: hmm
 34907 | Lab      | M4edhros: fine
 34910 | Lab      | Identified a +6 rod of destruction (14/14) (You found it in a labyrinth)
 34917 | Lab      | Got a twisted battleaxe
 34918 | Lab      | Identified the +9,+8 battleaxe of the Big Bang {chop, +Blink +Rage SInv} (You found it in a labyrinth)
 34922 | Lab      | M4edhros: wand of invis
 34922 | Lab      | M4edhros: probably
 35692 | Swamp:1  | Entered Level 1 of the Swamp
 35700 | Swamp:1  | Slain by a ten-headed hydra

Action                   |  1- 3 |  4- 6 |  7- 9 | 10-12 | 13-15 || total
-------------------------+-------+-------+-------+-------+-------++-------
Melee: Dagger            |    47 |       |       |       |       ||    47
       Short sword       |     4 |       |       |       |       ||     4
       Trident           |       |   103 |   104 |       |       ||   207
       Sling             |       |       |     1 |       |    15 ||    16
       Whip              |       |       |       |   141 |   520 ||   661
       Demon blade       |       |       |       |       |   152 ||   152
       Rod               |       |       |       |       |    27 ||    27
 Fire: Sling             |       |       |   321 |   705 |   570 ||  1596
       Blowgun           |       |       |       |       |    13 ||    13
Throw: Stone             |       |       |       |       |     2 ||     2
 Cast: Mephitic Cloud    |       |       |       |       |    29 ||    29
       Repel Missiles    |       |       |       |       |     3 ||     3
       Swiftness         |       |       |       |       |     3 ||     3
       Portal Projectile |       |       |       |       |     1 ||     1
Invok: Evolution         |       |     2 |     4 |    22 |    25 ||    53
       Sunlight          |       |       |     4 |    26 |    10 ||    40
       Reproduction      |       |       |     1 |     9 |    18 ||    28
       Rain              |       |       |       |       |     2 ||     2
 Abil: Breathe Fire      |       |       |       |       |     5 ||     5
       Evoke Berserk Rag |       |       |       |       |     1 ||     1
Evoke: Wand              |     2 |    12 |    11 |    32 |    43 ||   100
       Rod               |       |       |       |       |     5 ||     5
  Use: Potion            |     5 |     7 |     2 |    11 |     5 ||    30
       Scroll            |       |       |    17 |    11 |    17 ||    45
 Stab: Sleeping          |     7 |    10 |     2 |    11 |    28 ||    58
       Distracted        |       |       |     2 |     1 |     5 ||     8
       Confused          |       |       |     1 |     3 |     8 ||    12
       Paralysed         |       |       |       |     7 |    18 ||    25
